 Dungeon Crawl Stone Soup version 0.26-a0-642-g67e99244d3 (webtiles) character file.

Game seed: 10155236405258980563

174 Descartes the Shooter (level 5, -6/34 HPs)
             Began as a Halfling Wanderer on Sept 22, 2020.
             Mangled by an orc warrior
             ... wielding a +0 short sword
              (17 damage)
             ... on level 1 of the Dungeon.
             The game lasted 00:06:25 (2557 turns).

Descartes the Shooter (Halfling Wanderer)           Turns: 2557, Time: 00:06:25

Health: -6/34      AC: 10    Str: 14    XL:     5   Next: 84%
Magic:  6/6        EV: 14    Int: 11    God:
Gold:   248        SH:  0    Dex: 13    Spells: 5/6 levels left

rFire    . . .     SeeInvis .   b - +2 dagger (protect)
rCold    . . .     Faith    .   (shield restricted)
rNeg     . . .     Spirit   .   i - +0 leather armour
rPois    .         Reflect  .   (no helmet)
rElec    .         Harm     .   (no cloak)
rCorr    .         Rampage  .   (no gloves)
MR       .....                  (no boots)
Stlth    ++........             q - amulet of regeneration
HPRegen  0.51/turn              (no ring)
MPRegen  0.10/turn              (no ring)

@: protection aura
A: small, mutation resistance 1
a: no special abilities


You were on level 1 of the Dungeon.
You visited 1 branch of the dungeon, and saw 4 of its levels.

You collected 248 gold pieces.

Inventory:

Hand Weapons
 a - a +2 shortbow
 b - a +2 dagger of protection (weapon)
 p - a +0 hunting sling
Missiles
 d - 201 stones (quivered)
 f - 57 arrows
 m - 36 bolts
Armour
 i - a +0 leather armour (worn)
Jewellery
 q - an amulet of regeneration (around neck)
Scrolls
 e - a scroll of noise {unknown}
 h - 5 scrolls of identify {unknown}
 k - 7 scrolls of remove curse {unknown}
 n - 4 scrolls of teleportation {unknown}
 o - a scroll of blinking {unknown}
 r - a scroll of fog {unknown}
 t - a scroll of amnesia {unknown}
Potions
 c - 4 potions of curing {unknown}
 g - a potion of resistance {unknown}
 j - 2 potions of brilliance {unknown}
 l - a potion of mutation {unknown}
 s - a potion of might {unknown}


   Skills:
 + Level 2.0 Fighting
 + Level 1.9 Short Blades
 + Level 1.5(3.0) Slings
 + Level 4.9 Bows
 + Level 2.7(2.8) Throwing
 + Level 1.8 Dodging
 + Level 2.2 Stealth
 - Level 1.0 Spellcasting
   Level 2.0 Air Magic


You had 5 spell levels left.
You knew the following spells:

 Your Spells              Type           Power        Failure   Level
a - Freeze                Ice            #...         38%         1

Your spell library contained the following spells:

 Spells                   Type           Power        Failure   Level
 Corpse Rot               Necr/Air       N/A          38%         2
 Poisonous Vapours        Pois/Air       #.....       38%         2
 Ozocubu's Armour         Ice            #.......     77%         3


Dungeon Overview and Level Annotations

Branches:
Dungeon (4/15)
 Temple: D:4-7

Altars:
Ashenzari
Dithmenos
Kikubaaqudgha
Nemelex Xobeh
Vehumet


Innate Abilities, Weirdness & Mutations

You are small and have problems with some larger weapons.
You are somewhat resistant to further mutation.


Message History

You hit the orc warrior.
The orc warrior is moderately wounded.
The orc warrior hits you with a +0 short sword!
You hit the orc warrior but do no damage.
The orc warrior is moderately wounded.
The orc warrior barely misses you.
You hit the orc warrior but do no damage.
The orc warrior is moderately wounded.
The orc warrior hits you with a +0 short sword.
You hit the orc warrior but do no damage.
The orc warrior is moderately wounded.
You hit the orc warrior but do no damage.
The orc warrior is moderately wounded.
The orc warrior hits you with a +0 short sword.
* * * LOW HITPOINT WARNING * * *
You barely miss the orc warrior.
The orc warrior is moderately wounded.
The orc warrior hits you with a +0 short sword!
Ouch! That really hurt!
You die...

§☼°..## #.......#.#
.☼§☼.##
####.#.##.###########
.§§°.##
#....#............
#######
#..###############
.....≈# #######..#
####### #........#
##☼#### #.######.#
#☼§○######.#......#
°§§°.##........o@.#
#☼.§###.####.####.#
##§####.# #.# #.#
#######.# #.# #.#
#######.# #.####.#
........# #......#
######### #.####.#
#.# #.# ### ###


You could see an orc warrior.

Vanquished Creatures
  2 bullfrog skeletons (D:4)
  5 adders
  2 oozes
  A worm (D:3)
  A dart slug (D:4)
  2 leopard geckos
  6 orcs
  4 bats
  2 giant cockroaches (D:2)
  10 goblins
  4 hobgoblins
  2 jackals (D:3)
  2 frilled lizards
  6 kobolds
  A leopard gecko skeleton (D:3)
  4 rats
54 creatures vanquished.

Notes
Turn   | Place    | Note
-------+----------+-------------------------------------------
     0 | D:1      | Descartes the Halfling Wanderer began the quest for the
                  | Orb.
     0 | D:1      | Descartes set off with the following items: a +2 shortbow,
                  | 23 arrows, a +0 robe; and the following spell memorised:
                  | Freeze; and the following spells available to memorise:
                  | Corpse Rot, Poisonous Vapours, Ozocubu's Armour
     0 | D:1      | Reached XP level 1. HP: 13/13 MP: 2/2
   211 | D:1      | Reached XP level 2. HP: 6/18 MP: 3/3
   566 | D:1      | Found a sparkling altar of Nemelex Xobeh.
   906 | D:1      | Reached skill level 1 in Stealth
  1100 | D:2      | Reached XP level 3. HP: 23/23 MP: 4/4
  1106 | D:2      | Reached skill level 1 in Short Blades
  1106 | D:2      | Reached skill level 1 in Dodging
  1204 | D:2      | Reached XP level 4. HP: 28/28 MP: 5/5
  1742 | D:3      | Found an ancient bone altar of Kikubaaqudgha.
  1742 | D:3      | Found a faded altar of an unknown god.
  1763 | D:3      | Found a shattered altar of Ashenzari.
  1872 | D:3      | Found a faded altar of an unknown god.
  1873 | D:3      | Found a radiant altar of Vehumet.
  2075 | D:3      | Reached XP level 5. HP: 34/34 MP: 6/6
  2160 | D:3      | Reached skill level 1 in Slings
  2397 | D:4      | Found a shadowy altar of Dithmenos.
  2473 | D:4      | Noticed an orc warrior
  2557 | D:1      | Mangled by an orc warrior

Illustrated notes

Levels and vault maps discovered:
D:1:      eino_arrival_cavern_d, layout_basic, nemelex_altar_shiori
D:2:      layout_rooms
D:3:      layout_basic, chequers_temple_overflow_minitemple
D:4:      layout_cave_pools, lemuel_coloured_pillars_altar, lemuel_doored_altar,
          gammafunk_temple_overflow_pools, minmay_temple_entry_enclosed_plants,
          nicolae_dithmenos_the_darkroom, uniq_duvessa, uniq_menkaure

Skill      XL: |  1  2  3  4  5 |
---------------+----------------+-----
Stealth        | 1 2 |  2.2
Short Blades   | 1 |  1.9
Dodging        | 1 |  1.8
Slings         | 1 |  1.5
Fighting       | 2 |  2.0
Bows           | |  4.9
Throwing       | |  2.7
Spellcasting   | |  1.0
Air Magic      | |  2.0

Action                   |  1- 3 |  4- 6 || total
-------------------------+-------+-------++-------
Melee: Dagger            |    33 |   177 ||   210
 Fire: Shortbow          |    21 |     8 ||    29
 Stab: Sleeping          |       |     3 ||     3
Armor: Robe              |     2 |       ||     2
       Leather armour    |     5 |    56 ||    61
Dodge: Dodged            |    14 |   132 ||   146

Table legend: (Time is in decaauts)
 A = Elapsed time spent in this place.
 B = Non-inter-level travel time spent in this place.
 C = Inter-level travel time spent in this place.
 D = Time resting spent in this place.
 E = Time spent auto-exploring this place.
 F = Levels seen in this place.
 G = Mean time per level.
                   A        B        C        D        E       F      G
               +--------+--------+--------+--------+--------+-----+--------+
         Total |   2541 |   2452 |     89 |      0 |   1931 |   4 |  635.2 |
       Dungeon |   2541 |   2452 |     89 |      0 |   1931 |   4 |  635.2 |
               +--------+--------+--------+--------+--------+-----+--------+

Top non-repeatable levels by time:
     D:1: 1126 daAuts
     D:3: 670 daAuts
     D:2: 495 daAuts
     D:4: 249 daAuts
